 Dungeon Crawl Stone Soup version 0.24-a0-290-gbb66a672fa (webtiles) character file.

Game seed: 16738312422961585862

51 Redear the Skirmisher (level 3, 0/29 HPs)
             Began as a Demonspawn Chaos Knight on May 8, 2019.
             Was a Plaything of Xom.
             Succumbed to an adder's poison
             ... on level 2 of the Dungeon.
             The game lasted 00:01:08 (811 turns).

Redear the Skirmisher (Demonspawn Chaos Knight)      Turns: 811, Time: 00:01:09

Health: 0/29       AC:  5    Str: 13    XL:     3   Next: 58%
Magic:  1/1        EV: 12    Int: 18    God:    Xom [..*...]
Gold:   42         SH:  0    Dex: 12    Spells: 2/2 levels left

rFire    . . .     SeeInvis .   h - +0 hand axe (antimagic)
rCold    . . .     Gourm    .   (no shield)
rNeg     . . .     Faith    .   b - +2 leather armour
rPois    +         Spirit   +   (no helmet)
rElec    +         Reflect  .   (no cloak)
rCorr    .         Harm     .   (no gloves)
MR       .....                  (no boots)
Stlth    +.........             (no amulet)
HPRegen  0.09/turn              (no ring)
MPRegen  0.07/turn              (no ring)

@: brilliant, lethally poisoned (0 -> -5)
A: claws 1, poison resistance, electricity resistance, magic shield
a: Renounce Religion


You were on level 2 of the Dungeon.
You worshipped Xom.
You were a toy of Xom.
You were not hungry.

You visited 1 branch of the dungeon, and saw 2 of its levels.

You collected 42 gold pieces.

Inventory:

Hand Weapons
 a - a +0 hand axe of chaos
 h - a +0 antimagic hand axe (weapon)
Armour
 b - a +2 leather armour (worn)
Jewellery
 d - an uncursed ring of ice {unknown}
Scrolls
 c - 2 scrolls of teleportation {unknown}
 e - a scroll of magic mapping {unknown}
Comestibles
 z - 5 rations


   Skills:
 + Level 3.4 Fighting
 + Level 3.1 Axes
 + Level 2.3 Armour
 + Level 1.7 Dodging


You had 2 spell levels left.
You didn't know any spells.
Your spell library was empty.

Dungeon Overview and Level Annotations

Branches:
Dungeon (2/15)

Altars:


Innate Abilities, Weirdness & Mutations

You have sharp fingernails.
When hurt, damage is shared between your health and your magic reserves.
Your system is resistant to poisons. (rPois)
You are resistant to electric shocks. (rElec)


Message History

Found a scroll labeled ROEVECK UDWONT.
You take 1 damage, and have 3/29 hp.
It was a potion of mutation.
You feel extremely strange.
You feel resistant to poisons.
You feel insulated.
It was a potion of brilliance.
You feel clever all of a sudden.
* * * LOW HITPOINT WARNING * * *
You feel sick.
You take 1 damage, and have 2/29 hp.
Okay, then.
There is a lethal amount of poison in your body!
* * * LOW HITPOINT WARNING * * *
You feel sick.
You take 1 damage, and have 2/29 hp.
You see here a +0 short sword.
Unknown command.
* * * LOW HITPOINT WARNING * * *
You feel sick.
You take 1 damage, and have 1/29 hp.
You die...
Xom chortles!

.. ... . ..
...#.#########.#
..#............#
..........)#
?.#....###.#
##.#. #.# # #.
#@# .. #.# ..
..# ### ####


There were no monsters in sight!

Vanquished Creatures
  An adder (D:2)
  An ooze (D:1)
  2 dart slugs (D:1)
  A leopard gecko (D:1)
  2 ball pythons (D:1)
  9 bats (D:1)
  2 giant cockroaches (D:1)
  A goblin (D:1)
  2 hobgoblins (D:1)
  3 frilled lizards (D:1)
  3 kobolds
  4 rats (D:1)
31 creatures vanquished.

Vanquished Creatures (others)
  A dart slug (D:1)
1 creature vanquished.

Grand Total: 32 creatures vanquished

Notes
Turn   | Place    | Note
-------+----------+-------------------------------------------
     0 | D:1      | Redear the Demonspawn Chaos Knight began the quest for the
                  | Orb.
     0 | D:1      | Reached XP level 1. HP: 18/18 MP: 1/1
     8 | D:1      | the dart slug is devoured by a tear in reality.
     8 | D:1      | Reached skill level 1 in Dodging
    18 | D:1      | Reached skill level 2 in Armour
    55 | D:1      | Gained mutation: You have sharp fingernails. [demonic
                  | ancestry]
    55 | D:1      | Reached XP level 2. HP: 24/24 MP: 2/2
    77 | D:1      | XOM: harmless Erth miscast
   186 | D:1      | Reached skill level 3 in Axes
   241 | D:1      | Gained mutation: When hurt, damage is shared between your
                  | health and your magic reserves. [demonic ancestry]
   241 | D:1      | Reached XP level 3. HP: 28/29 MP: 3/3
   804 | D:2      | Gained mutation: Your system is resistant to poisons.
                  | (rPois) [potion of mutation]
   804 | D:2      | Gained mutation: You are resistant to electric shocks.
                  | (rElec) [potion of mutation]
   805 | D:2      | HP: 2/29 [poisoned by an adder]
   811 | D:2      | Succumbed to an adder's poison

Levels and vault maps discovered:
D:1:      dpeg_arrival_chambers_temple_mockup, layout_basic, serial_curves,
          eino_curves_02, eino_curves_01, eino_curves_03, eino_curves_04,
          minmay_ruptured
D:2:      layout_loops_corners

Skill      XL: |  1  2 |
---------------+-------+-----
Dodging        | 1 |  1.7
Armour         | 2 |  2.3
Axes           | 3 |  3.1
Fighting       | |  3.4

Action                   || total
-------------------------++-------
Melee: Hand axe          ||    80
  Use: Potion            ||     2
 Stab: Paralysed         ||     1
Armor: Leather armour    ||    56
Dodge: Dodged            ||    70

Table legend:
 A = Non-vault XP
 B = Vault XP
 C = Vault XP percentage of total XP
 D = Non-vault monster count
 E = Vault monster count
 F = Vault count percentage of total count
                 A         B        C        D         E       F
            +---------+---------+-------+---------+---------+-------
      Total |      70 |       4 |   5.4 |      29 |       3 |   9.4
            +---------+---------+-------+---------+---------+-------
        D:1 |      54 |       4 |   6.9 |      26 |       3 |  10.3
        D:2 |      16 |       0 |   0.0 |       3 |       0 |   0.0
            +---------+---------+-------+---------+---------+-------
